ESL (28 & UNDER)
KINGSTON IGUANAS @ INTERCOURSE AMISH
08/08/2028
 
TOP OF THE 1ST
Kingston Iguanas batting - Pitching for Intercourse Amish : LHP Sloan Sanders
Pitching: LHP Sloan Sanders
Batting: RHB Bob Lee 0-0: Ball
1-0: Ball
2-0: DOUBLE (Groundball, 5L)
Batting: RHB Francisco Martínez 0-0: Called Strike
0-1: Ground out 4-3 (Groundball, 4)
Bob Lee to third
Batting: RHB Sergio Mata 0-0: Swinging Strike
0-1: Called Strike
0-2: Strikes out swinging
Batting: LHB Dusty Wilson 0-0: Ball
1-0: Called Strike
1-1: Ball
2-1: Swinging Strike
2-2: Ball
3-2: Foul Ball, location: 2F
3-2: Fly out, F9 (Flyball, 9S)
Top of the 1st over - 0 run(s), 1 hit(s), 0 error(s), 1 left on base; Kingston 0 - Intercourse 0
BOTTOM OF THE 1ST
Intercourse Amish batting - Pitching for Kingston Iguanas : RHP Paul Lorenzo
Pitching: RHP Paul Lorenzo
Batting: LHB Dave Reynolds 0-0: Ball
1-0: Called Strike
1-1: Swinging Strike
1-2: Ground out 4-3 (Groundball, 34)
Batting: SHB Conan Hanson 0-0: Swinging Strike
0-1: Swinging Strike
0-2: Strikes out looking
Batting: RHB John Little 0-0: Called Strike
0-1: SINGLE (Groundball, 6MD)
Batting: RHB Juan Estrada 0-0: Called Strike
0-1: Ball
1-1: Ball
2-1: Ball
3-1: Foul Ball, location: 2F
3-2: Foul Ball, location: 2F
3-2: Base on Balls
John Little to second
Batting: RHB Juan Caceres 0-0: Foul Ball, location: 2F
0-1: Ball
1-1: Ball
2-1: Fly out, F7 (Flyball, 7S)
Bottom of the 1st over - 0 run(s), 1 hit(s), 0 error(s), 2 left on base; Kingston 0 - Intercourse 0
TOP OF THE 2ND
Kingston Iguanas batting - Pitching for Intercourse Amish : LHP Sloan Sanders
Batting: RHB Tommy Davenport 0-0: Called Strike
0-1: Swinging Strike
0-2: Foul Ball, location: 2F
0-2: Ball
1-2: Strikes out looking
Batting: SHB Devin Smith 0-0: Ball
1-0: Foul Ball, location: 2F
1-1: Ball
2-1: Foul Ball, location: 2F
2-2: Foul Ball, location: 2F
2-2: Foul Ball, location: 2F
2-2: Strikes out swinging
Batting: RHB Fred McPhun 0-0: Foul Ball, location: 2F
0-1: Swinging Strike
0-2: Strikes out looking
Top of the 2nd over - 0 run(s), 0 hit(s), 0 error(s), 0 left on base; Kingston 0 - Intercourse 0
BOTTOM OF THE 2ND
Intercourse Amish batting - Pitching for Kingston Iguanas : RHP Paul Lorenzo
Batting: RHB Greg Carpenter 0-0: Swinging Strike
0-1: Foul Ball, location: 2F
0-2: Ball
1-2: Strikes out looking
Batting: RHB Leon Heath 0-0: Ball
1-0: Ball
2-0: Called Strike
2-1: Called Strike
2-2: Foul Ball, location: 2F
2-2: Foul Ball, location: 2F
2-2: Ball
3-2: Base on Balls
Batting: SHB Ralph Robison 0-0: Ball
Leon Heath steals 2nd base
1-0: Ball
2-0: Ground out 1-3 (Groundball, 13S)
Leon Heath to third
Batting: RHB Tomás Galindo 0-0: Fly out, F8 (Flyball, 8RS)
Bottom of the 2nd over - 0 run(s), 0 hit(s), 0 error(s), 1 left on base; Kingston 0 - Intercourse 0
TOP OF THE 3RD
Kingston Iguanas batting - Pitching for Intercourse Amish : LHP Sloan Sanders
Batting: RHB Manuel Gómez 0-0: Ball
1-0: Ball
2-0: Foul Ball, location: 2F
2-1: Foul Ball, location: 2F
2-2: Foul Ball, location: 2F
2-2: Ground out 5-3 (Groundball, 56S)
Batting: SHB John Beach 0-0: Called Strike
0-1: Ball
1-1: Called Strike
1-2: Ball
2-2: Ground out 6-3 (Groundball, 6)
Batting: RHB Bob Lee 0-0: SINGLE (Flyball, 7S)
Batting: RHB Francisco Martínez 0-0: Ball
1-0: Fly out, F8 (Line Drive, 89M)
Top of the 3rd over - 0 run(s), 1 hit(s), 0 error(s), 1 left on base; Kingston 0 - Intercourse 0
BOTTOM OF THE 3RD
Intercourse Amish batting - Pitching for Kingston Iguanas : RHP Paul Lorenzo
Batting: LHB Dave Reynolds 0-0: Called Strike
0-1: Ball
1-1: Swinging Strike
1-2: Fly out, F8 (Flyball, 89D)
Batting: SHB Conan Hanson 0-0: Ball
1-0: Called Strike
1-1: Called Strike
1-2: Foul Ball, location: 2F
1-2: Ball
2-2: Fly out, F7 (Flyball, 7LMF)
Batting: RHB John Little 0-0: Called Strike
0-1: Ball
1-1: Swinging Strike
1-2: Foul Ball, location: 2F
1-2: Foul Ball, location: 2F
1-2: Ball
2-2: Ball
3-2: SINGLE (Flyball, 9S)
Batting: RHB Juan Estrada 0-0: Fly out, F8 (Flyball, 78XD)
Bottom of the 3rd over - 0 run(s), 1 hit(s), 0 error(s), 1 left on base; Kingston 0 - Intercourse 0
TOP OF THE 4TH
Kingston Iguanas batting - Pitching for Intercourse Amish : LHP Sloan Sanders
Batting: RHB Sergio Mata 0-0: SINGLE (Groundball, 56) (infield hit)
Batting: LHB Dusty Wilson 0-0: Ball
1-0: SINGLE (Groundball, 34D)
Sergio Mata to second
Runner from 2nd tries for 3rd, SAFE, no throw
Batting: RHB Tommy Davenport 0-0: Swinging Strike
0-1: Ball
1-1: Foul Ball, location: 2F
1-2: Strikes out swinging
Dusty Wilson steals 2nd base
Batter strikes out.
Batting: SHB Devin Smith 0-0: Called Strike
0-1: Ball
1-1: Ball
2-1: Ball
3-1: Fly out, F9 (Flyball, 9LSF)
Runner from 3rd tags up, SCORES, no throw
Batting: RHB Fred McPhun 0-0: Ball
1-0: Ball
2-0: Called Strike
2-1: Foul Ball, location: 2F
2-2: Strikes out looking
Top of the 4th over - 1 run(s), 2 hit(s), 0 error(s), 1 left on base; Kingston 1 - Intercourse 0
BOTTOM OF THE 4TH
Intercourse Amish batting - Pitching for Kingston Iguanas : RHP Paul Lorenzo
Batting: RHB Juan Caceres 0-0: Ball
1-0: Ball
2-0: Called Strike
2-1: Called Strike
2-2: Foul Ball, location: 2F
2-2: Strikes out swinging
Batting: RHB Greg Carpenter 0-0: Swinging Strike
0-1: Foul Ball, location: 2F
0-2: Ground out 5-3 (Groundball, 56)
Batting: RHB Leon Heath 0-0: Ball
1-0: SINGLE (Groundball, 5D)
Batting: SHB Ralph Robison 0-0: Fly out, F8 (Flyball, 8LS)
Bottom of the 4th over - 0 run(s), 1 hit(s), 0 error(s), 1 left on base; Kingston 1 - Intercourse 0
TOP OF THE 5TH
Kingston Iguanas batting - Pitching for Intercourse Amish : LHP Sloan Sanders
Batting: RHB Manuel Gómez 0-0: Ball
1-0: Foul Ball, location: 2F
1-1: Ground out 6-3 (Groundball, 6)
Batting: SHB John Beach 0-0: Ball
1-0: Ball
2-0: Foul Ball, location: 2F
2-1: Ball
3-1: Called Strike
3-2: Foul Ball, location: 2F
3-2: Fly out, F5 (Popup, 5D)
Batting: RHB Bob Lee 0-0: Fly out, F8 (Flyball, 8RS)
Top of the 5th over - 0 run(s), 0 hit(s), 0 error(s), 0 left on base; Kingston 1 - Intercourse 0
BOTTOM OF THE 5TH
Intercourse Amish batting - Pitching for Kingston Iguanas : RHP Paul Lorenzo
Batting: RHB Tomás Galindo 0-0: Ball
1-0: Ground out 4-3 (Groundball, 4MD)
Batting: LHB Dave Reynolds 0-0: Ball
1-0: Foul Ball, location: 2F
1-1: Called Strike
1-2: Fly out, F7 (Flyball, 78D)
Batting: SHB Conan Hanson 0-0: Ball
1-0: Reached on error, E3 (Groundball, 34)
Batting: RHB John Little 0-0: Called Strike
0-1: SINGLE (Groundball, 56D)
Conan Hanson to second
Batting: RHB Juan Estrada 0-0: Called Strike
0-1: Foul Ball, location: 2F
0-2: Foul Ball, location: 2F
0-2: Foul Ball, location: 2F
0-2: Fly out, F8 (Flyball, 8LM)
Bottom of the 5th over - 0 run(s), 1 hit(s), 1 error(s), 2 left on base; Kingston 1 - Intercourse 0
TOP OF THE 6TH
Kingston Iguanas batting - Pitching for Intercourse Amish : LHP Sloan Sanders
Batting: RHB Francisco Martínez 0-0: Ball
1-0: Fly out, F9 (Line Drive, 9)
Batting: RHB Sergio Mata 0-0: Foul Ball, location: 2F
0-1: Ground out 6-3 (Groundball, 6)
Batting: LHB Dusty Wilson 0-0: Ball
1-0: Single, Error in OF, E9, batter to second base
Batting: RHB Tommy Davenport 0-0: Called Strike
0-1: Foul Ball, location: 2F
0-2: Ball
1-2: Foul Ball, location: 2F
1-2: Foul Ball, location: 2F
1-2: Foul Ball, location: 2F
1-2: SINGLE (Line Drive, 4MD)
Dusty Wilson to third
Runner from 3rd tries for Home, SAFE, no throw
Batting: SHB Devin Smith 0-0: Called Strike
0-1: Ball
1-1: Called Strike
1-2: Strikes out looking
Top of the 6th over - 1 run(s), 2 hit(s), 1 error(s), 1 left on base; Kingston 2 - Intercourse 0
BOTTOM OF THE 6TH
Intercourse Amish batting - Pitching for Kingston Iguanas : RHP Paul Lorenzo
Batting: RHB Juan Caceres 0-0: Ball
1-0: Fly out, F9 (Flyball, 9S)
Batting: RHB Greg Carpenter 0-0: Ball
1-0: Ball
2-0: Fly out, F8 (Flyball, 8RS)
Batting: RHB Leon Heath 0-0: Ground out 1-3 (Groundball, 13S)
Bottom of the 6th over - 0 run(s), 0 hit(s), 0 error(s), 0 left on base; Kingston 2 - Intercourse 0
TOP OF THE 7TH
Kingston Iguanas batting - Pitching for Intercourse Amish : LHP Sloan Sanders
Batting: RHB Fred McPhun 0-0: Ball
1-0: Fly out, F9 (Flyball, 89M)
Batting: RHB Manuel Gómez 0-0: Ball
1-0: Swinging Strike
1-1: Ball
2-1: Swinging Strike
2-2: Strikes out swinging
Batting: SHB John Beach 0-0: Ball
1-0: Ball
2-0: Foul Ball, location: 2F
2-1: SOLO HOME RUN (Flyball, 78XD), Distance : 404 ft
Batting: RHB Bob Lee 0-0: Called Strike
0-1: Ball
1-1: Ball
2-1: Fly out, F6 (Popup, 6D)
Top of the 7th over - 1 run(s), 1 hit(s), 0 error(s), 0 left on base; Kingston 3 - Intercourse 0
BOTTOM OF THE 7TH
Intercourse Amish batting - Pitching for Kingston Iguanas : RHP Paul Lorenzo
Batting: SHB Ralph Robison 0-0: Ball
1-0: Called Strike
1-1: Ball
2-1: Foul Ball, location: 2F
2-2: Strikes out swinging
Batting: RHB Tomás Galindo 0-0: Foul Ball, location: 2F
0-1: Ball
1-1: Fly out, F3 (Popup, 34)
Batting: LHB Dave Reynolds 0-0: Swinging Strike
0-1: Called Strike
0-2: Ball
1-2: Strikes out swinging
Bottom of the 7th over - 0 run(s), 0 hit(s), 0 error(s), 0 left on base; Kingston 3 - Intercourse 0
TOP OF THE 8TH
Kingston Iguanas batting - Pitching for Intercourse Amish : LHP Sloan Sanders
Pitching: LHP Manuel Encarnación
Batting: RHB Francisco Martínez 0-0: Called Strike
0-1: Swinging Strike
0-2: Strikes out swinging
Batting: RHB Sergio Mata 0-0: Ball
1-0: Called Strike
1-1: Ground out 3-1 (Groundball, 34S)
Batting: LHB Dusty Wilson 0-0: Called Strike
0-1: Swinging Strike
0-2: Ball
1-2: Ball
2-2: Strikes out swinging
Top of the 8th over - 0 run(s), 0 hit(s), 0 error(s), 0 left on base; Kingston 3 - Intercourse 0
BOTTOM OF THE 8TH
Intercourse Amish batting - Pitching for Kingston Iguanas : RHP Paul Lorenzo
Pitching: RHP Brandon Malet
Batting: SHB Conan Hanson 0-0: Ball
1-0: Foul Ball, location: 2F
1-1: SINGLE (Groundball, 6MD)
Pitching: RHP Josh Young
Batting: RHB John Little 0-0: Called Strike
0-1: Ball
1-1: Ball
2-1: Fly out, F4 (Popup, 34D)
Batting: RHB Juan Estrada 0-0: Foul Ball, location: 2F
0-1: Called Strike
0-2: Strikes out swinging
Batting: RHB Juan Caceres 0-0: Ball
1-0: Called Strike
1-1: Fly out, F6 (Popup, 56D)
Bottom of the 8th over - 0 run(s), 1 hit(s), 0 error(s), 1 left on base; Kingston 3 - Intercourse 0
TOP OF THE 9TH
Kingston Iguanas batting - Pitching for Intercourse Amish : LHP Manuel Encarnación
Batting: RHB Tommy Davenport 0-0: Ball
1-0: Foul Ball, location: 2F
1-1: Foul Ball, location: 2F
1-2: Fly out, F8 (Flyball, 89M)
Batting: SHB Devin Smith 0-0: Foul Ball, location: 2F
0-1: SINGLE (Flyball, 8LS)
Batting: RHB Fred McPhun 0-0: Called Strike
0-1: Ball
1-1: Called Strike
1-2: Fly out, F8 (Flyball, 8RS)
Batting: RHB Manuel Gómez 0-0: Ball
1-0: Called Strike
Devin Smith steals 2nd base
1-1: Swinging Strike
1-2: Ball
Wild Pitch!
Devin Smith to third
2-2: SINGLE (Line Drive, 56D)
Devin Smith scores
Batting: SHB John Beach 0-0: Ball
Manuel Gómez steals 2nd base
1-0: Foul Ball, location: 2F
1-1: Ground out 6-3 (Groundball, 6M)
Top of the 9th over - 1 run(s), 2 hit(s), 0 error(s), 1 left on base; Kingston 4 - Intercourse 0
BOTTOM OF THE 9TH
Intercourse Amish batting - Pitching for Kingston Iguanas : RHP Josh Young
Batting: RHB Greg Carpenter 0-0: Ball
1-0: Ball
2-0: Called Strike
2-1: Ball
3-1: Base on Balls
Batting: RHB Leon Heath 0-0: Ball
1-0: Ball
2-0: SINGLE (Line Drive, 6D)
Greg Carpenter to second
Pitching: RHP Guo-fang Juan
Batting: SHB Ralph Robison 0-0: Foul Ball, location: 2F
0-1: Ball
1-1: Ball
2-1: SINGLE (Flyball, 78S)
Greg Carpenter to third
Leon Heath to second
Pinch Hitting: LHB Bruce Foster 0-0: Foul Ball, location: 2F
0-1: Swinging Strike
0-2: Ball
1-2: Grounds into double play, 3-6-3 (Groundball, 34)
Greg Carpenter scores
Leon Heath to third
Batting: LHB Dave Reynolds 0-0: Reached on error, E3 (Groundball, 34)
Leon Heath scores
Batting: SHB Conan Hanson 0-0: Ball
1-0: Ball
2-0: Foul Ball, location: 2F
2-1: Foul Ball, location: 2F
2-2: Ball
3-2: Fly out, F7 (Flyball, 7S)
Bottom of the 9th over - 2 run(s), 2 hit(s), 1 error(s), 1 left on base; Kingston 4 - Intercourse 2
Tuesday, August 8th, 2017 - OOTP Baseball 17.12 Build 75